Map: Odyssey LE

Players

Scarlett - Winner!

  • Race: Zerg Zerg
  • League: Diamond
  • Spawn Location: 5:00

FeaR

  • Race: Protoss Protoss
  • League: Master
  • Spawn Location: 11:00

Event: HomeStory Cup XVI

VOD

Have the link to the VOD?

Description

Time

  • Played on: Nov. 10, 2017, 4:44 p.m.
  • Length: 4:46

All games in this series

Show
View Real Time Build Order
Export as new Build Order

Scarlett Zerg - Winner!

Build Orders: Hatch First 

Get SALT Encoding   

  12  0:00  Drone  
  13  0:12  Overlord  
  13  0:17  Drone  
  14  0:30  Drone x2  
  14  0:35  Drone  
  17  0:54  Hatchery  
  17  0:55  Drone  
  17  0:59  Drone  
  18  1:05  Extractor  
  17  1:14  Spawning Pool  
  17  1:17  Drone  
  17  1:20  Drone  
  18  1:29  Drone  
  19  1:39  Drone  
  20  1:53  Overlord  
  20  2:00  Queen  
  22  2:05  Metabolic Boost  
  22  2:06  Queen  
  24  2:11  Zergling x4  
  24  2:14  Drone  
  27  2:17  Zergling x2  
  28  2:24  Zergling x2  
  29  2:31  Zergling x2  
  30  2:38  Spine Crawler  
  30  2:41  Queen, Zergling x2  
  30  2:42  Zergling x2  
  33  2:46  Evolution Chamber  
  32  2:51  Overlord  
  31  3:06  Zergling x8  
  35  3:19  Zergling x8  
  39  3:23  Zergling x2  
  40  3:27  Overlord  
  40  3:35  Zergling x2  
  40  3:36  Zergling x2  
  40  3:38  Zergling x2  
  40  3:49  Zergling x10  
  43  4:01  Zergling x2  
  43  4:02  Zergling x4  
  46  4:08  Zergling x2  
  46  4:09  Zergling x2  
  47  4:18  Zergling x4  
  47  4:24  Zergling x2  
  47  4:27  Zergling x2  
  47  4:30  Spore Crawler  
  51  4:42  Hatchery  
Show
View Real Time Build Order
Export as new Build Order

FeaR Protoss 

Build Orders: Oracle Opening 

Get SALT Encoding   

  12  0:02  Probe (Chrono Boost)  
  14  0:14  Probe (Chrono Boost)  
  14  0:19  Pylon  
  14  0:26  Probe (Chrono Boost)  
  15  0:34  Probe (Chrono Boost)  
  15  0:38  Gateway  
  15  0:41  Probe (Chrono Boost)  
  16  0:46  Assimilator  
  17  0:53  Probe (Chrono Boost)  
  18  1:00  Probe (Chrono Boost)  
  19  1:08  Probe (Chrono Boost)  
  21  1:20  Probe (Chrono Boost), Pylon  
  21  1:25  Zealot, Cybernetics Core  
  21  1:31  Assimilator  
  24  1:40  Probe (Chrono Boost)  
  24  1:52  Probe (Chrono Boost)  
  25  2:04  Adept, Probe (Chrono Boost)  
  25  2:05  Pylon  
  25  2:07  Warp Gate  
  29  2:16  Probe (Chrono Boost)  
  29  2:17  Pylon  
  29  2:23  Adept  
  29  2:28  Probe (Chrono Boost)  
  30  2:36  Shield Battery  
  32  2:38  Shield Battery  
  32  2:42  Probe (Chrono Boost)  
  33  2:50  Adept  
  35  2:54  Probe (Chrono Boost)  
  36  3:01  Stargate  
  35  3:06  Probe (Chrono Boost)  
  35  3:18  Adept, Probe (Chrono Boost)  
  38  3:22  Nexus  
  38  3:25  Twilight Council  
  38  3:30  Probe (Chrono Boost)  
  39  3:44  Gateway  
  39  3:47  Shield Battery  
  35  3:49  Pylon  
  35  3:55  Probe (Chrono Boost)  
  33  3:56  Oracle  
  33  4:07  Pylon  
  36  4:22  Adept  
Tags
 
Add a new tag
Caveats
  • Supply blocks, unpowered buildings, or Contaminate may cause inaccurate times.
  • Supply counts are checked every 10 seconds.